Map: [ESL] Site Delta

Players

Astrea - Winner!

  • Race: Protoss Protoss
  • Spawn Location: 5:00

Kelazhur

  • Race: Terran Terran
  • Spawn Location: 11:00

Event: IEM Katowice 2024

VOD

Have the link to the VOD?

Description

Time

  • Played on: Feb. 8, 2024, 12:12 p.m.
  • Length: 22:40

All games in this series

Show
View Real Time Build Order
Export as new Build Order

Astrea Protoss - Winner!

Build Orders: 1 Gate Expand, Oracle Opening 

Get SALT Encoding   

  12  0:00  Probe  
  13  0:12  Probe  
  14  0:17  Pylon  
  14  0:24  Probe (Chrono Boost)  
  15  0:36  Probe (Chrono Boost)  
  15  0:38  Gateway  
  16  0:44  Probe (Chrono Boost)  
  16  0:47  Assimilator  
  17  0:51  Probe  
  18  1:03  Probe  
  19  1:15  Probe  
  20  1:23  Nexus  
  20  1:33  Cybernetics Core  
  20  1:37  Probe  
  21  1:42  Assimilator  
  21  1:49  Probe  
  21  1:52  Pylon  
  22  2:02  Probe  
  22  2:08  Stalker (Chrono Boost)  
  23  2:14  Probe  
  26  2:25  Warp Gate  
  26  2:26  Probe  
  27  2:32  Stargate  
  27  2:36  Probe, Adept (Chrono Boost)  
  28  2:38  Probe  
  31  2:48  Probe  
  31  2:50  Probe  
  33  2:58  Stalker  
  33  3:00  Probe  
  33  3:02  Probe  
  37  3:12  Probe  
  38  3:13  Oracle (Chrono Boost)  
  38  3:14  Probe  
  42  3:20  Pylon  
  42  3:24  Probe  
  42  3:26  Probe  
  44  3:36  Probe  
  44  3:38  Probe  
  46  3:44  Twilight Council  
  44  3:49  Probe  
  44  3:50  Probe  
  44  3:51  Gateway  
  44  3:54  Gateway  
  46  4:01  Probe  
  46  4:02  Assimilator  
  47  4:03  Phoenix, Probe  
  50  4:12  Pylon  
  50  4:13  Stalker, Probe  
  50  4:15  Probe  
  54  4:31  Blink (Chrono Boost)  
  56  4:32  Nexus  
  54  4:44  Stalker  
  56  4:55  Stalker x2  
  56  4:57  Pylon  
  60  5:03  Probe x2  
  62  5:15  Probe  
  62  5:20  Pylon  
  63  5:21  Probe  
  63  5:23  Stalker x3  
  63  5:27  Assimilator, Probe  
  70  5:30  Pylon  
  70  5:38  Pylon, Probe  
  70  5:40  Probe  
  72  5:50  Probe x2  
  72  5:51  Robotics Facility  
  72  5:52  Probe  
  72  5:55  Stalker x3  
  81  5:58  Pylon  
  81  6:00  Shield Battery  
  81  6:02  Probe x2  
  81  6:04  Probe  
  84  6:10  Forge  
  84  6:11  Charge (Chrono Boost)  
  84  6:16  Gateway  
  84  6:19  Sentry x2  
  84  6:21  Gateway  
  84  6:22  Pylon  
  84  6:25  Gateway  
  88  6:29  Pylon  
  88  6:32  Protoss Ground Weapons Level 1 (Chrono Boost), Stalker  
  90  6:39  Probe x3  
  93  6:47  Zealot x2  
  97  6:49  Observer (Chrono Boost)  
  98  6:55  Robotics Bay  
  98  6:56  Pylon  
  98  7:03  Immortal (Chrono Boost), Probe x3  
  105  7:10  Zealot  
  105  7:11  Zealot x3  
  105  7:15  Probe x3  
  116  7:19  Shield Battery  
  116  7:20  Pylon  
  116  7:22  Photon Cannon  
  116  7:38  Colossus (Chrono Boost)  
  116  7:41  Extended Thermal Lance  
  122  7:44  Zealot x5  
  122  7:46  Zealot  
  134  7:54  Nexus  
  134  8:02  Forge  
  134  8:08  Zealot x2  
  134  8:09  Zealot x4  
  146  8:17  Observer  
  146  8:22  Pylon x2  
  142  8:35  Colossus (Chrono Boost)  
  142  8:38  Protoss Ground Weapons Level 2 (Chrono Boost)  
  142  8:41  Protoss Ground Armor Level 1 (Chrono Boost)  
  132  8:44  Observer, Probe x3  
  132  8:47  Robotics Facility, Pylon  
  131  8:56  Probe x3  
  131  9:02  Observer  
  132  9:07  Pylon  
  132  9:09  Zealot x6, Pylon  
  144  9:12  Gateway  
  144  9:15  Colossus (Chrono Boost)  
  144  9:16  Gateway  
  150  9:26  Gravitic Drive  
  150  9:33  Pylon  
  150  9:34  Pylon  
  150  9:37  Colossus (Chrono Boost)  
  150  9:43  Shield Battery  
  150  9:44  Nexus, Observer  
  156  9:46  Zealot x4  
  156  9:47  Zealot x2  
  165  9:57  Colossus (Chrono Boost)  
  171  10:02  Observer  
  171  10:12  Zealot  
  171  10:13  Zealot x7  
  159  10:14  Probe  
  152  10:22  Observer  
  152  10:26  Probe  
  152  10:27  Nexus, Probe  
  152  10:28  Probe  
  155  10:31  Shield Battery  
  155  10:37  Colossus (Chrono Boost)  
  155  10:42  Protoss Ground Armor Level 2 (Chrono Boost)  
  161  10:47  Pylon  
  161  10:48  Colossus (Chrono Boost)  
  167  10:57  Sentry, Zealot x7  
  167  10:58  Protoss Ground Weapons Level 3 (Chrono Boost)  
  178  11:11  Gateway  
  178  11:13  Gateway  
  180  11:26  Observer, Warp Prism (Chrono Boost)  
  180  11:28  Stalker x5  
  186  11:34  Probe  
  186  11:36  Photon Cannon  
  183  11:51  Stalker x8  
  197  12:06  Gateway  
  193  12:09  Gateway  
  166  12:20  Zealot x10  
  132  12:33  Immortal x2 (Chrono Boost)  
  128  12:42  Zealot  
  130  12:47  Stalker x8  
  146  12:52  Probe x5  
  151  13:02  Assimilator  
  151  13:04  Probe x4  
  157  13:21  Observer (Chrono Boost)  
  157  13:23  Sentry  
  157  13:24  Zealot x11  
  177  13:35  Colossus (Chrono Boost)  
  177  13:37  Nexus  
  177  13:38  Immortal (Chrono Boost)  
  181  13:48  Zealot x3, Stalker x5  
  189  13:51  Pylon  
  193  14:04  Observer  
  193  14:07  Immortal (Chrono Boost)  
  195  14:13  Zealot x3  
  197  14:18  Protoss Ground Armor Level 3 (Chrono Boost)  
  193  14:35  Zealot x5  
  193  14:36  Zealot x6  
  197  14:43  Colossus (Chrono Boost)  
  197  14:44  Colossus (Chrono Boost)  
  136  14:56  Stalker x4  
  136  14:57  Probe x2  
  136  14:58  Probe  
  137  15:01  Zealot x8  
  137  15:05  Assimilator  
  151  15:10  Protoss Shields Level 1 (Chrono Boost), Shield Battery  
  151  15:21  Sentry, Zealot x2  
  153  15:22  Zealot x9  
  175  15:35  Immortal (Chrono Boost)  
  176  15:43  Zealot x8, Shield Battery  
  176  15:49  Zealot x4  
  198  15:58  Observer (Chrono Boost)  
  198  15:59  Gravitic Boosters  
  199  16:13  Nexus  
  185  16:26  Nexus  
  185  16:31  Zealot x12  
  139  16:50  Colossus x2 (Chrono Boost)  
  130  16:58  Assimilator  
  130  17:03  Stalker x12  
  154  17:09  Assimilator  
  154  17:14  Photon Cannon  
  148  17:26  Warp Prism (Chrono Boost)  
  148  17:29  Observer (Chrono Boost)  
  149  17:38  Zealot x10  
  149  17:39  Zealot x2  
  173  17:44  Photon Cannon  
  173  17:48  Colossus (Chrono Boost)  
  179  17:54  Colossus  
  185  17:59  Observer  
  181  18:06  Protoss Shields Level 2 (Chrono Boost)  
  181  18:07  Zealot  
  181  18:08  Zealot x8  
  199  18:19  Gateway  
  197  18:22  Gateway x2  
  197  18:24  Gateway  
  183  18:39  Zealot x9  
  183  18:40  Zealot  
  199  18:43  Observer  
  191  18:54  Disruptor (Chrono Boost)  
  191  18:55  Disruptor (Chrono Boost)  
  179  19:11  Pylon  
  179  19:13  Zealot x12  
  195  19:23  Observer  
  190  19:25  Disruptor x2 (Chrono Boost)  
  190  19:27  Shield Battery  
  190  19:28  Shield Battery x2  
  190  19:29  Pylon  
  190  19:30  Shield Battery  
  198  19:32  Zealot  
  196  19:48  Photon Cannon  
  196  19:51  Shield Battery  
  196  19:52  Observer x2 (Chrono Boost)  
  196  19:55  Nexus, Assimilator  
  196  19:57  Pylon  
  196  19:59  Assimilator, Photon Cannon  
  194  20:11  Pylon  
  168  20:14  Zealot x6  
  168  20:15  Zealot x10  
  168  20:20  Colossus x2 (Chrono Boost)  
  171  20:35  Stalker x7  
  175  20:36  Zealot  
  169  20:52  Zealot  
  169  20:53  Zealot x2  
  169  20:55  Zealot x4  
  181  20:57  Observer  
  171  21:08  Colossus x2 (Chrono Boost)  
  179  21:19  Observer  
  179  21:23  Stalker x5  
  179  21:24  Stalker x4  
  193  21:53  Dark Shrine  
  172  21:54  Disruptor x2 (Chrono Boost)  
  172  21:58  Zealot x13  
  186  22:30  Zealot x8  
  186  22:33  Zealot x2  
  186  22:36  Zealot  
  166  22:39  Nexus  
Show
View Real Time Build Order
Export as new Build Order

Kelazhur Terran 

Build Orders: Reaper Expand 

Get SALT Encoding   

  12  0:00  SCV  
  13  0:12  SCV  
  14  0:17  Supply Depot  
  14  0:24  SCV  
  15  0:38  SCV  
  15  0:40  Barracks  
  16  0:43  Refinery  
  16  0:50  Supply Depot  
  16  0:55  SCV  
  17  1:07  SCV  
  18  1:19  SCV  
  19  1:26  Reaper  
  19  1:31  Orbital Command  
  20  1:48  Command Center  
  20  1:57  SCV  
  20  1:58  Marine  
  22  2:07  Factory  
  22  2:09  SCV  
  22  2:15  Bunker  
  23  2:20  Barracks Reactor  
  23  2:21  SCV  
  24  2:33  SCV  
  24  2:35  Refinery  
  25  2:45  SCV  
  26  2:58  SCV  
  26  3:00  Starport  
  27  3:06  Orbital Command  
  27  3:09  Widow Mine x2  
  27  3:11  SCV  
  32  3:16  Barracks Tech Lab  
  32  3:20  Supply Depot  
  32  3:23  SCV  
  33  3:30  Widow Mine x2  
  33  3:33  SCV  
  38  3:40  SCV  
  38  3:43  Medivac  
  38  3:47  SCV  
  41  3:52  SCV  
  42  4:00  Widow Mine  
  42  4:01  Marine, Widow Mine  
  42  4:02  SCV  
  47  4:05  Barracks  
  47  4:07  SCV  
  47  4:08  Barracks  
  48  4:11  Supply Depot  
  48  4:14  SCV  
  49  4:18  Marine  
  49  4:19  Stimpack, SCV  
  49  4:26  SCV  
  50  4:31  SCV  
  50  4:32  Starport Tech Lab  
  50  4:38  SCV, Engineering Bay  
  50  4:39  Marine  
  50  4:43  SCV  
  53  4:46  Factory Reactor  
  53  4:50  SCV  
  54  4:55  SCV  
  54  4:57  Marine  
  54  4:58  Refinery  
  54  4:59  Supply Depot  
  56  5:03  SCV  
  55  5:07  SCV  
  52  5:15  SCV  
  52  5:17  Marine x2, Supply Depot  
  52  5:18  Combat Shield, Marine x2  
  52  5:19  SCV  
  52  5:20  Terran Infantry Weapons Level 1  
  56  5:26  Widow Mine x2  
  56  5:27  SCV  
  61  5:28  Supply Depot  
  61  5:31  SCV, Medivac  
  61  5:35  Marine x2  
  62  5:36  Marauder  
  62  5:38  Supply Depot  
  62  5:39  Marauder, SCV  
  69  5:46  SCV  
  69  5:47  Command Center  
  70  5:51  SCV  
  70  5:54  Supply Depot  
  70  5:55  Marine x2  
  73  5:58  Marauder  
  73  6:00  SCV  
  73  6:02  Factory Reactor  
  73  6:03  SCV  
  77  6:05  Supply Depot  
  77  6:06  Marauder  
  77  6:07  Concussive Shells  
  79  6:12  SCV, Refinery  
  79  6:14  Medivac  
  79  6:18  Marine x2  
  83  6:19  SCV, Medivac  
  89  6:25  Marauder  
  89  6:27  Marauder, SCV  
  89  6:29  Supply Depot  
  89  6:32  SCV  
  92  6:35  Supply Depot  
  92  6:36  Marine x2  
  94  6:45  SCV x2  
  90  6:47  Marauder  
  90  6:50  Widow Mine x2  
  90  6:51  Barracks x2  
  90  6:53  Medivac  
  96  6:55  Medivac  
  96  6:57  Marauder  
  100  7:02  Missile Turret x2  
  100  7:04  SCV  
  101  7:09  Marine x2  
  101  7:10  Marauder  
  101  7:14  Terran Infantry Armor Level 1  
  101  7:15  SCV  
  106  7:18  SCV  
  106  7:21  Widow Mine x2  
  111  7:22  Medivac  
  111  7:26  Orbital Command  
  111  7:28  SCV  
  107  7:30  Marauder  
  107  7:31  SCV  
  110  7:39  Barracks Reactor, Barracks Tech Lab, Marauder  
  110  7:40  SCV  
  113  7:45  Armory, SCV  
  113  7:46  Marine  
  113  7:49  Marine  
  113  7:51  Refinery  
  116  7:52  Marauder  
  116  7:53  SCV x2, Ghost Academy  
  120  7:59  Marauder  
  120  8:00  Marauder  
  120  8:04  Refinery  
  120  8:05  Widow Mine x2  
  128  8:10  Marine x2  
  128  8:11  Supply Depot  
  130  8:15  SCV x3  
  130  8:17  Marauder  
  134  8:20  Marauder  
  134  8:21  Marauder  
  135  8:27  SCV x2  
  135  8:30  Widow Mine x2  
  135  8:34  SCV  
  135  8:38  Marauder  
  135  8:39  SCV  
  131  8:41  Marauder  
  131  8:42  SCV  
  131  8:43  Marauder, Marine  
  131  8:46  Marine, SCV  
  131  8:47  Marine x2  
  140  8:52  SCV  
  139  8:59  Ghost, SCV  
  139  9:01  SCV  
  139  9:02  Ghost  
  142  9:03  Ghost  
  142  9:04  Marine  
  142  9:05  Marine  
  148  9:10  Bunker  
  148  9:13  SCV  
  148  9:16  Supply Depot  
  149  9:20  Supply Depot  
  149  9:21  Terran Infantry Weapons Level 2  
  149  9:26  Supply Depot  
  149  9:29  Ghost, Marine x4  
  149  9:30  SCV x2  
  157  9:36  SCV  
  157  9:39  Ghost x2  
  157  9:42  SCV  
  157  9:45  Viking, Supply Depot  
  164  9:52  Viking  
  166  9:55  Marine x3  
  166  9:57  Supply Depot  
  169  10:05  Ghost  
  171  10:09  Marauder  
  160  10:17  Marauder, Marine x4  
  160  10:19  Viking  
  160  10:22  Viking  
  160  10:24  Refinery  
  160  10:25  Command Center  
  162  10:35  Marine  
  162  10:36  Marauder x2, Marine x3  
  162  10:40  Missile Turret  
  170  10:44  Missile Turret, Marauder  
  170  10:49  Viking, Missile Turret  
  174  10:53  Marine x2  
  174  10:54  Viking  
  178  10:57  Marauder  
  178  11:00  Marine  
  178  11:01  Marauder  
  178  11:02  Supply Depot  
  183  11:06  Marauder  
  181  11:19  Viking, Marauder  
  181  11:23  Starport  
  181  11:24  Viking  
  185  11:26  Marine  
  185  11:27  Marauder, Marine  
  185  11:32  Marauder, Marine x2  
  193  11:38  Terran Infantry Weapons Level 3  
  193  11:40  Marauder  
  193  11:44  Marine  
  196  11:54  Marauder, Marine  
  198  11:58  Missile Turret  
  199  12:05  Barracks x3  
  197  12:09  Marauder x2  
  175  12:17  Marauder  
  175  12:18  Marine x2  
  175  12:20  Orbital Command  
  152  12:27  Viking  
  132  12:30  Marauder, Marine  
  133  12:40  SCV x2  
  135  12:47  Planetary Fortress  
  135  12:49  Marine  
  136  12:52  Marine  
  136  12:54  Marine  
  140  12:58  Marauder  
  140  12:59  Ghost  
  140  13:03  Ghost  
  144  13:11  SCV  
  144  13:12  SCV  
  144  13:18  SCV  
  144  13:19  Ghost  
  147  13:20  Marine x3  
  147  13:21  Marine x4  
  147  13:24  SCV x2  
  147  13:25  Medivac x2  
  160  13:29  Medivac x2  
  164  13:39  SCV x4  
  164  13:41  Barracks Tech Lab x3, Marine x2  
  174  13:48  Marauder x2  
  174  13:50  Marauder  
  176  13:57  Viking x2  
  180  14:03  Marauder x2, Marine  
  183  14:10  Marauder x2  
  183  14:11  Marauder  
  183  14:15  Marauder  
  183  14:16  Viking x2  
  188  14:27  Viking  
  186  14:32  Marauder x2  
  186  14:35  Marauder x2  
  186  14:36  Marauder  
  178  14:40  Marauder  
  178  14:43  Marine  
  178  14:44  Marine  
  142  14:53  Marauder  
  142  14:54  Marauder  
  142  14:56  Marauder x2, Marine x2  
  142  14:58  Marauder  
  140  15:01  Marine x2  
  140  15:02  Marine  
  141  15:10  Terran Infantry Armor Level 2  
  141  15:13  Marine  
  142  15:14  Ghost x2  
  142  15:17  Ghost x2  
  150  15:26  Ghost  
  150  15:27  Ghost  
  154  15:29  Factory Reactor  
  154  15:35  Command Center, Refinery  
  149  15:43  Marine, Marauder x2  
  149  15:46  Marauder  
  153  16:01  Bunker  
  153  16:07  Ghost  
  155  16:12  Ghost x2  
  152  16:26  Marauder x2, Marine  
  152  16:29  Marauder  
  145  16:37  Marauder  
  120  16:40  Marine x3  
  120  16:42  Widow Mine x2, Marauder x2  
  120  16:44  Marine  
  113  16:47  Marine  
  113  16:48  Marauder  
  113  16:50  Marine  
  113  16:57  Marine  
  113  16:58  Marine x3  
  117  17:02  Marine x2  
  117  17:03  Marine  
  117  17:04  Medivac x2  
  117  17:05  Marine  
  127  17:08  Marauder  
  127  17:09  Marauder  
  127  17:10  Widow Mine  
  127  17:12  Refinery  
  127  17:14  Widow Mine  
  133  17:15  Marine  
  133  17:16  Marauder, SCV x4  
  133  17:17  Marine x2  
  133  17:19  Marine  
  133  17:21  Marauder  
  144  17:28  Marauder  
  144  17:40  Marine x4  
  144  17:41  Marine, Marauder x3  
  144  17:42  Marine  
  155  17:48  Orbital Command  
  155  17:49  Marauder  
  154  17:53  Medivac x2  
  158  17:59  Marauder  
  158  18:00  Marauder  
  158  18:04  Marauder  
  164  18:10  Marauder, Marine  
  163  18:30  Ghost  
  163  18:31  Marauder  
  163  18:33  Ghost x2  
  169  18:34  Marine x3  
  171  18:44  Ghost  
  171  18:45  Marine  
  163  18:58  Ghost  
  155  19:06  Medivac  
  157  19:21  Marauder  
  157  19:22  Marauder  
  161  19:24  Medivac  
  163  19:37  Marauder  
  165  19:44  Marauder x2, Marine  
  170  19:46  Viking x2  
  174  19:53  Viking  
  174  20:00  Viking  
  174  20:11  Marauder  
  174  20:13  Marine x4  
  174  20:14  Marauder x2, Marine x3  
  133  20:31  Marine x2  
  133  20:32  Marauder x3  
  133  20:33  Marauder  
  143  20:40  Marine  
  143  20:41  Marauder  
  141  20:43  Marine  
  141  20:44  Marauder  
  141  20:45  Orbital Command  
  141  20:49  Marine x2  
  145  20:53  Marine  
  140  21:06  Marine x7  
  140  21:07  Marine x2  
  140  21:11  Marine  
  150  21:23  Marine  
  150  21:24  Marine x5  
  150  21:25  Widow Mine x2  
  160  21:27  Marine  
  160  21:30  SCV  
  160  21:31  Orbital Command, SCV  
  163  21:33  Viking  
  151  21:57  Viking  
  151  22:01  Viking  
  153  22:14  Marauder  

Tags
 
Add a new tag
Caveats
  • Supply blocks, unpowered buildings, or Contaminate may cause inaccurate times.
  • Supply counts are checked every 10 seconds.